 Dungeon Crawl Stone Soup version 0.31-a0-841-g038b102fc3 (webtiles) character file.

Game seed: 4182257501404718662

3892 Pooter the Cleaver (level 10, -3/90 HPs)
             Began as a Minotaur Berserker on Sept 28, 2023.
             Was a Priest of Trog.
             Slain by an orc priest
             ... wielding a +0 flail
              (5 damage)
             ... on level 8 of the Dungeon.
             The game lasted 00:31:22 (6285 turns).

Pooter the Cleaver (Minotaur Berserker)             Turns: 6285, Time: 00:31:22

Health: -3/90      AC: 14    Str: 23    XL:     10   Next: 0%
Magic:  9/9        EV: 14    Int:  6    God:    Trog [***...]
Gold:   358        SH:  0    Dex: 11    Spells: 9/9 levels left

rFire   . . .        a - +1 war axe
rCold   . . .        (no shield)
rNeg    . . .        K - +3 chain mail
rPois   .            (helmet restricted)
rElec   .            (no cloak)
rCorr   .            e - +0 pair of gloves
SInv    .            i - +0 pair of boots
Will    +++..        (no amulet) Stlth
                     m - +5 ring of evasion
HPRegen 1.35/turn    k - ring of willpower
MPRegen 0.11/turn

%: no passive effects
@: strong-willed (expiring), on berserk cooldown, regenerating (expiring),
slowed, very slow
A: horns 2, retaliatory headbutt
a: Renounce Religion, Berserk, Trog's Hand


You were on level 8 of the Dungeon.
You worshipped Trog.
Trog was most pleased with you.
You visited 1 branch of the dungeon, and saw 8 of its levels.

You collected 358 gold pieces.

Inventory:

Hand Weapons
 a - a +1 war axe (weapon)
   (You took it off a goblin on level 3 of the Dungeon)
 b - a +0 orcbow
   (You took it off a centaur on level 6 of the Dungeon)
 G - a +0 sling
   (You found it on level 2 of the Dungeon)
Missiles
 g - 3 poisoned darts
 r - 2 javelins
 L - a boomerang
 Q - 60 stones (quivered)
Armour
 e - a +0 pair of gloves (worn)
   (You found it on level 1 of the Dungeon)
 i - a +0 pair of boots (worn)
   (You found it on level 7 of the Dungeon)
 o - a +0 kite shield
   (You found it on level 3 of the Dungeon)
 K - a +3 chain mail (worn)
   (You found it on level 4 of the Dungeon)
Jewellery
 k - a ring of willpower (right hand)
   (You found it on level 3 of the Dungeon)
 m - a +5 ring of evasion (left hand)
   (You found it on level 4 of the Dungeon)
 y - a ring of magical power
   (You found it on level 4 of the Dungeon)
 F - the ring of Itsyef {Drain rPois rF+ rC+ Dex+8}
   (You found it on level 2 of the Dungeon)

   [ring of poison resistance]

   Dex+8:     It affects your dexterity (+8).
   rF+:       It protects you from fire.
   rC+:       It protects you from cold.
   rPois:     It protects you from poison Drain: It drains your maximum health
   when unequipped.
 J - a ring of ice
   (You found it on level 7 of the Dungeon)
Wands
 f - a wand of flame (22)
   (You found it on level 8 of the Dungeon)
 I - a wand of charming (21)
   (You took it off Pikel on level 5 of the Dungeon)
Scrolls
 c - 2 scrolls of blinking
 h - 2 scrolls of vulnerability {!r}
 l - a scroll of immolation {!r}
 p - a scroll of fear
 q - 2 scrolls of silence
 s - a scroll of noise {!r}
 t - 6 scrolls of teleportation {@r4}
 u - a scroll of summoning
 C - a scroll of revelation
Potions
 d - 2 potions of enlightenment {unknown}
 j - a potion of resistance {unknown}
 n - 2 potions of cancellation {unknown}
 v - 2 potions of berserk rage {unknown}
 w - a potion of haste {unknown}
 x - 2 potions of ambrosia {unknown}
 z - 3 potions of attraction {unknown}
 A - 2 potions of mutation {unknown}
 B - a potion of magic {unknown}
 D - 2 potions of curing {unknown}
 E - a potion of heal wounds {unknown}
 H - 2 potions of brilliance {unknown}


   Skills:
 + Level 8.6 Fighting
 * Level 11.6 Axes
 * Level 9.6 Ranged Weapons
 - Level 2.4 Armour
 - Level 2.1 Dodging


You had 9 spell levels left.
You didn't know any spells.
Your spell library was empty.

Dungeon Overview and Level Annotations

Branches:
Dungeon (8/15) Zot: 26706  Temple (0/1) D:4
   Lair: D:8-11

Altars:
Ashenzari
Fedhas
Hepliaklqana
Nemelex Xobeh
Qazlal
Zin

Shops:
D:7 (

Annotations:
D:5 2 transporters, Kurtz's ghost, novice OpFi
D:8 Gastronok


Innate Abilities, Weirdness & Mutations

You have a pair of horns on your head.
You reflexively headbutt those who attack you in melee.


Message History

Okay, then.
Unknown command.
a - a +1 war axe (weapon)
A red film seems to cover your vision as you go berserk!
You feel yourself moving faster!
You feel mighty!
The orc priest miscasts a cantrip.
The orc hits you with a +0 club.
* * * LOW HITPOINT WARNING * * *
You feel a strong urge to attack something.
The orc priest looks encouraged for a moment.
The orc priest hits you but does no damage.
The orc priest looks satisfied for a moment.
You feel your anger nearly subside.
The orc priest attacks as it pursues you!
The orc priest hits you but does no damage.
The orc priest closely misses you.
You are no longer berserk.
You are exhausted.
You feel yourself slow down.
Gastronok gurgles horribly!
The orc priest barely misses you.
The orc priest calls down the wrath of Beogh upon you.
You resist with almost no effort.
The orc priest attacks as it pursues you!
The orc priest hits you but does no damage.
The orc priest misses you.
The orc priest calls down the wrath of Beogh upon you.
Beogh smites you!
* * * LOW HITPOINT WARNING * * *
The orc priest invokes the aid of Beogh against you.
Beogh smites you!
* * * LOW HITPOINT WARNING * * *
The orc priest attacks as it pursues you!
The orc priest misses you.
The orc priest mumbles some strange prayers to Beogh against you.
Beogh smites you!
* * * LOW HITPOINT WARNING * * *
Gastronok bites you!
* * * LOW HITPOINT WARNING * * *
The orc priest closely misses you.
You feel the effects of Trog's Hand fading.
The orc priest looks braver for a moment.
The orc priest looks encouraged for a moment.
There is a stone staircase leading up here.
The orc priest hits you from afar with a +0 trident.
* * * LOW HITPOINT WARNING * * *
The orc priest casts a cantrip, but nothing happens.
The orc priest hits you but does no damage.
The orc priest hits you with a +0 flail.
You die...

......................##.#.#...
.#.........#........>.......##
####......##.##......#.....#
..##.#..#.#.....#.....##.....#
.......)#.##....#......<....##
...##..).........#..#......## #
........#.ooo..##....#....
#......).###..wo##.....#.....
.........#....@.......##..##..
...........##........... .
........... ##.......#...
........... #......##.... ..
#......# ##< ..#......
..#...... ###......


You could see Gastronok, 3 orc priests and an orc.

Vanquished Creatures
  Pikel (D:5)
  Psyche (D:8)
  4 yaks (D:8)
  A steam dragon (D:8)
  Menkaure (D:5)
  A water moccasin (D:5)
  Duvessa (D:4)
  2 sky beasts (D:6)
  2 ice beasts (D:7)
  3 black bears
  3 ogres
  A centaur (D:6)
  Blork the orc (D:5)
  A bullfrog (D:7)
  A gnoll sergeant (D:7)
  2 scorpions
  A wight (D:6)
  Dowan (D:4)
  2 howler monkeys (D:8)
  An orc priest (D:8)
  A gnoll bouda (D:5)
  5 hounds
  A jelly (D:8)
  2 sleepcaps (D:6)
  3 orc wizards
  An iguana (D:4)
  9 adders
  9 gnolls
  2 shadow imps (D:7)
  A white imp (D:7)
  An ufetubus (D:5)
  2 worms
  4 dart slugs
  10 orcs
  6 ball pythons
  10 bats
  11 endoplasms
  7 giant cockroaches
  7 goblins
  7 hobgoblins
  13 jackals
  5 quokkas
  2 frilled lizards
  8 kobolds
  8 rats
166 creatures vanquished.

Vanquished Creatures (collateral kills)
  An orc wizard (D:8)
  An orc (D:8)
2 creatures vanquished.

Grand Total: 168 creatures vanquished

Notes
Turn   | Place    | Note
-------+----------+-------------------------------------------
     0 | D:1      | Pooter the Minotaur Berserker began the quest for the Orb.
     0 | D:1      | Reached XP level 1. HP: 19/19 MP: 0/0
   141 | D:1      | Reached skill level 4 in Axes
   216 | D:1      | Reached XP level 2. HP: 24/27 MP: 1/1
   357 | D:1      | Reached ** piety under Trog
   416 | D:1      | Reached XP level 3. HP: 31/33 MP: 2/2
   826 | D:2      | Found a hazy altar of Hepliaklqana.
   835 | D:2      | Reached skill level 5 in Axes
   933 | D:2      | You fall into a shaft and drop 2 floors!
   967 | D:4      | Reached XP level 4. HP: 31/41 MP: 3/3
   974 | D:4      | Reached skill level 1 in Ranged Weapons
  1214 | D:2      | Reached XP level 5. HP: 38/47 MP: 4/4
  1292 | D:2      | Identified the ring of Itsyef {Drain rPois rF+ rC+ Dex+8}
  1486 | D:2      | Reached *** piety under Trog
  1932 | D:3      | Reached skill level 6 in Axes
  2051 | D:3      | Found a blossoming altar of Fedhas.
  2441 | D:4      | Noticed Dowan
  2442 | D:4      | Noticed Duvessa
  2470 | D:4      | Killed Duvessa
  2471 | D:4      | Reached skill level 5 in Fighting
  2471 | D:4      | Reached XP level 6. HP: 56/56 MP: 5/5
  2476 | D:4      | Killed Dowan
  2657 | D:4      | Found a staircase to the Ecumenical Temple.
  2923 | D:5      | Entered Level 5 of the Dungeon
  2923 | D:5      | Noticed Menkaure
  3174 | D:4      | Reached skill level 7 in Axes
  3174 | D:4      | Reached XP level 7. HP: 60/61 MP: 6/6
  3192 | D:5      | Killed Menkaure
  3193 | D:5      | Reached skill level 5 in Ranged Weapons
  3443 | D:5      | Reached skill level 8 in Axes
  3482 | D:5      | Found a broken altar of Ashenzari.
  3595 | D:5      | Noticed Kurtz's ghost (novice OpFi)
  3596 | D:5      | Found a transporter.
  3596 | D:5      | Found a transporter.
  3608 | D:5      | Noticed Blork the orc
  3667 | D:5      | Killed Blork the orc
  3668 | D:5      | Reached XP level 8. HP: 42/71 MP: 7/7
  3930 | D:5      | Noticed Pikel
  3938 | D:5      | Killed Pikel
  3939 | D:5      | Reached skill level 9 in Axes
  3994 | D:5      | Found a stormy altar of Qazlal.
  4152 | D:6      | Found a glowing silver altar of Zin.
  4929 | D:6      | Reached XP level 9. HP: 79/79 MP: 8/8
  5065 | D:6      | Reached skill level 10 in Axes
  5202 | D:6      | Found a sparkling altar of Nemelex Xobeh.
  5940 | D:7      | Found Bausch's Antique Weapon Shoppe.
  6105 | D:8      | Noticed Psyche
  6117 | D:8      | Killed Psyche
  6118 | D:8      | Reached skill level 11 in Axes
  6224 | D:8      | Reached XP level 10. HP: 86/90 MP: 9/9
  6269 | D:8      | Noticed Gastronok
  6283 | D:8      | HP: 1/90 [Gastronok (16)]
  6285 | D:8      | Slain by an orc priest

Illustrated notes

Levels and vault maps discovered:
D:1:      nagdon_arrival_double_spiral, layout_basic
D:2:      minmay_razor_zed, layout_rooms, basic_altar
D:3:      layout_basic, old_standard_altar, hangedman_feature_mirror
D:4:      layout_cave_pools, minmay_temple_entry_poolview, serial_column_ruins,
          column_ruins_hut, column_ruins_hut_ruined, column_ruins_open_small,
          column_ruins_grid_1, column_ruins_grid_1, chequers_garden,
          minmay_distorted, uniq_duvessa
D:5:      layout_rooms, mainiacjoe_overflow_alcove_2,
          nicolae_ashenzari_skybound, gammafunk_ghost_smash, uniq_pikel,
          uniq_blork_the_orc, uniq_menkaure
D:6:      layout_basic, mainiacjoe_overflow_alcove_1, zin_scriptorium,
          minmay_fractal_squares_gapless_5
D:7:      layout_rooms, serial_shops, nicolae_shop_tiny_real_fake_doors
D:8:      layout_cave_pools, minitemple, uniq_gastronok, uniq_psyche

Skill      XL: |  1  2  3  4  5  6  7  8  9 |
---------------+----------------------------+-----
Axes           | 4 5 6 7 8 9 11 | 11.6
Fighting       | 4 5 6 7 8 |  8.6
Ranged Weapons | 2 3 4 6 7 9 |  9.6
Armour         | |  2.4
Dodging        | |  2.1

Action                     |  1- 3 |  4- 6 |  7- 9 | 10-12 || total
---------------------------+-------+-------+-------+-------++-------
  Melee: Hand axe          |    78 |    59 |       |       ||   137
         Headbutt          |    10 |    11 |    24 |       ||    45
         Punch             |     1 |       |     2 |       ||     3
         War axe           |       |    30 |   113 |       ||   143
   Fire: Sling             |       |    67 |    13 |       ||    80
         Orcbow            |       |       |    35 |    13 ||    48
  Throw: Stone             |       |     1 |       |       ||     1
         Javelin           |       |     4 |       |       ||     4
         Throwing net      |       |     1 |       |       ||     1
 Invoke: Berserk           |     1 |     2 |    11 |     1 ||    15
         Trog's Hand       |       |     3 |    10 |     1 ||    14
  Evoke: Wand              |       |       |     2 |     3 ||     5
    Use: Scroll            |     7 |     5 |     6 |       ||    18
   Stab: Sleeping          |     1 |       |       |       ||     1
         Held in net/web   |       |     1 |       |       ||     1
 Armour: Animal skin       |    42 |    18 |       |       ||    60
         Chain mail        |       |    38 |    90 |     8 ||   136
  Dodge: Dodged            |    44 |    66 |    75 |     7 ||   192
  Block: Kite shield       |       |    14 |    27 |       ||    41

Table legend: (Time is in decaauts)
 A = Elapsed time spent in this place.
 B = Non-inter-level travel time spent in this place.
 C = Inter-level travel time spent in this place.
 D = Time resting spent in this place.
 E = Time spent auto-exploring this place.
 F = Levels seen in this place.
 G = Mean time per level.
                   A        B        C        D        E       F      G
               +--------+--------+--------+--------+--------+-----+--------+
         Total |   6484 |   6291 |    193 |   1657 |   3117 |   8 |  810.5 |
       Dungeon |   6484 |   6291 |    193 |   1657 |   3117 |   8 |  810.5 |
               +--------+--------+--------+--------+--------+-----+--------+

Top non-repeatable levels by time:
     D:4: 1314 daAuts
     D:6: 1259 daAuts
     D:2: 796 daAuts
     D:1: 784 daAuts
     D:7: 736 daAuts
     D:5: 686 daAuts
     D:3: 612 daAuts
     D:8: 292 daAuts
